 Dungeon Crawl Stone Soup version 0.31.0-12-g77e489cdc1 (webtiles) character file.

Game seed: 18145247543138985491

2088 Gadfly the Insei (level 9, 0/65 HPs)
             Began as a Demonspawn Monk on Feb 13, 2024.
             Slain by a killer bee (6 damage)
             ... on level 7 of the Dungeon.
             The game lasted 00:10:16 (6020 turns).

Gadfly the Insei (Demonspawn Monk)                  Turns: 6020, Time: 00:10:16

Health: 0/65       AC:  8    Str: 16    XL:     9   Next: 6%
Magic:  9/9        EV: 19    Int: 10    God:
Gold:   129        SH:  0    Dex: 16    Spells: 8/8 levels left

rFire   + .          .
                       - Unarmed
rCold   . . .        c - orb {light}
rNeg    . . .        y - +0 leather armour
rPois   .            (no helmet)
rElec   .            i - +2 cloak
rCorr   .            d - +0 pair of gloves
SInv    .            k - +0 pair of boots
Will    .....        (no amulet)
Stlth   +            f - ring of protection from fire
HPRegen 0.30/turn    g - +5 ring of evasion
MPRegen 0.11/turn

%: no passive effects
@: lethally poisoned (0 -> -6), glowing
A: foul stench 1, powered by death 1, sturdy frame 2, demonic touch 2
a: no special abilities


You were on level 7 of the Dungeon.
You visited 1 branch of the dungeon, and saw 7 of its levels.

You collected 349 gold pieces.
You spent 220 gold pieces at shops.

Inventory:

Hand Weapons
 a - a +3 falchion
 j - a +1 antimagic dagger
 t - a +2 morningstar of protection
Armour
 c - an orb of light (worn)
 d - a +0 pair of gloves (worn)
 i - a +2 cloak (worn)
 k - a +0 pair of boots (worn)
 y - a +0 leather armour (worn)
Jewellery
 f - a ring of protection from fire (left hand)
 g - a +5 ring of evasion (right hand)
Talismans
 q - a beast talisman
Wands
 o - a wand of polymorph (13)
 s - a wand of iceblast (24) (quivered)
Scrolls
 r - 6 scrolls of identify
 u - a scroll of enchant weapon
 v - a scroll of silence
 w - a scroll of blinking
 x - a scroll of fear
Potions
 e - a potion of curing
 h - 4 potions of enlightenment
 m - a potion of attraction
 n - 3 potions of berserk rage


   Skills:
 * Level 4.0 Fighting
 * Level 5.2 Dodging
 + Level 6.2 Unarmed Combat
 - Level 5.4 Evocations
 * Level 5.0 Shapeshifting


You had 8 spell levels left.
You didn't know any spells.
Your spell library contained the following spells:

 Spells                   Type           Power      Damage    Failure   Level
 Cigotuvi's Dreadful Rot  Necr/Alch/Air  0%         N/A       50%         2
 Dispel Undead            Necr           0%         3d6       98%         4
 Martyr's Knell           Necr/Summ      0%         N/A       98%         4
 Death Channel            Necr           0%         N/A       100%        6


Dungeon Overview and Level Annotations

Branches:
Dungeon (7/15)             Temple (0/1) D:7

Altars:
Ashenzari
Cheibriados
Hepliaklqana
Makhleb
Nemelex Xobeh
Qazlal
Vehumet

Shops:
D:6 :=?   D:7 (

Annotations:
D:7 2 transporters, howech's ghost, novice OpSh


Innate Abilities, Weirdness & Mutations

You may rarely emit foul miasma when damaged in melee.
You regenerate a little health from kills.
Your movements are less encumbered by armour. (ER -4)
Your touch may inflict irresistible damage on your foes.


Message History

* * * LOW HITPOINT WARNING * * *
The killer bee misses you.
You punch the killer bee!
You kill the killer bee!
The howler monkey attacks as it pursues you!
The howler monkey barely misses you.
The howler monkey hoots and howls with incredible vigour!
You hear an angry hiss.
The howler monkey attacks as it pursues you!
The howler monkey barely misses you.
The howler monkey attacks as it pursues you!
The howler monkey hits you but does no damage.
The howler monkey hoots and howls with incredible vigour!
You hear a shout!
The killer bee barely misses you.
The howler monkey hoots and howls with incredible vigour!
The killer bee barely misses you.
You see here 4 stones.
The killer bee misses you.
The killer bee attacks as it pursues you!
The killer bee misses you. The killer bee completely misses you.
The killer bee attacks as it pursues you!
The killer bee closely misses you. The killer bee misses you.
The killer bee attacks as it pursues you!
The killer bee completely misses you. The killer bee misses you.
The killer bee stings you.
* * * LOW HITPOINT WARNING * * *
You are lethally poisoned!
The killer bee poisons you!
You barely miss the killer bee.
* * * LOW HITPOINT WARNING * * *
You feel very sick. The killer bee closely misses you.
The howler monkey hoots and howls with incredible vigour!
You hear a shout! x3
You hit the killer bee.
The killer bee is lightly wounded.
* * * LOW HITPOINT WARNING * * *
You feel sick. The killer bee misses you. The killer bee stings you.
You die...

.#######.### #........#......
.)....##'##### #.#####.##.#####
.............# #.# #.##.#
.............# #.# #.##.#
.............# #.# #.##.#
.#.....<.#########.#####.##.#####
.#)#####.........................
.#)#####+#########.#......#.##.##
.#.##.......#)hy@..#<#......##.#
.#.##.......#.################.##
....'.......'..># #.....# #...
.#.##.......#.#(# #.PPP.#######
.#.##########.#h#####...P.'......
..)..........♣#....##._.P.'.#####
########...♣.∩.♣....#...P.'.###
,©,,,,,###..#♣..##o.#.PPP.#...#
*,*,,*,* #....#.##..#.....#...#


You could see a howler monkey (catching breath) and a killer bee.

Vanquished Creatures
  Duvessa (D:6)
  2 ice beasts (D:6)
  2 sky beasts (D:6)
  An ogre (D:4)
  A kobold brigand (D:7)
  2 phantoms
  A bullfrog (D:6)
  4 scorpions
  5 wights
  Dowan (D:6)
  3 killer bees (D:7)
  2 bombardier beetles
  5 hounds
  3 iguanas
  4 orc wizards
  A gnoll (D:1)
  10 adders
  A white imp (D:6)
  2 ufetubi (D:5)
  A dart slug (D:2)
  17 orcs
  6 ball pythons
  A bat (D:2)
  5 endoplasms
  A giant cockroach (D:1)
  4 goblins
  5 hobgoblins
  4 jackals (D:1)
  8 kobolds
  6 quokkas
  A frilled lizard (D:2)
  4 rats
114 creatures vanquished.

Notes
Turn   | Place    | Note
-------+----------+-------------------------------------------
     0 | D:1      | Gadfly the Demonspawn Monk began the quest for the Orb.
     0 | D:1      | Reached XP level 1. HP: 18/18 MP: 1/1
    72 | D:1      | Gained mutation: You regenerate a little health from kills.
                  | [demonic ancestry]
    72 | D:1      | Reached XP level 2. HP: 24/24 MP: 2/2
    77 | D:1      | Reached skill level 3 in Unarmed Combat
    85 | D:1      | Reached skill level 1 in Evocations
   215 | D:1      | Gained mutation: You may rarely emit foul miasma when
                  | damaged in melee. [demonic ancestry]
   215 | D:1      | Reached XP level 3. HP: 29/29 MP: 3/3
   219 | D:1      | Reached skill level 1 in Shapeshifting
   265 | D:1      | Found a faded altar of an unknown god.
   266 | D:1      | Noticed an eye of devastation
   279 | D:1      | Noticed a shining eye
   284 | D:1      | Noticed a golden eye
   289 | D:1      | Noticed a glass eye
  1083 | D:3      | Gained mutation: Your movements are slightly less
                  | encumbered by armour. (ER -2) [demonic ancestry]
  1083 | D:3      | Reached XP level 4. HP: 35/35 MP: 4/4
  1301 | D:3      | Found a sparkling altar of Nemelex Xobeh.
  1404 | D:3      | Identified the +1 scale mail of the Crypt {Will+}
  1780 | D:4      | Reached XP level 5. HP: 38/41 MP: 5/5
  1956 | D:4      | Noticed an ogre
  1968 | D:4      | Killed an ogre
  2031 | D:4      | Reached skill level 4 in Unarmed Combat
  2428 | D:5      | Entered Level 5 of the Dungeon
  2451 | D:5      | Gained mutation: Your touch may inflict minor irresistible
                  | damage on your foes. [demonic ancestry]
  2451 | D:5      | Reached XP level 6. HP: 45/47 MP: 6/6
  2460 | D:5      | Found a snail-covered altar of Cheibriados.
  2882 | D:5      | Gained mutation: Your movements are less encumbered by
                  | armour. (ER -4) [demonic ancestry]
  2882 | D:5      | Reached XP level 7. HP: 51/52 MP: 7/7
  3272 | D:6      | Noticed Dowan
  3277 | D:6      | Noticed Duvessa
  3321 | D:6      | Killed Duvessa
  3325 | D:6      | Killed Dowan
  3326 | D:6      | Reached skill level 5 in Unarmed Combat
  3558 | D:6      | Found Aggom's Magic Scroll Shop.
  3691 | D:6      | Reached XP level 8. HP: 36/58 MP: 8/8
  3921 | D:6      | Found Hudeomp's Magic Scroll Shop.
  3935 | D:6      | Bought a scroll of silence for 123 gold pieces
  3935 | D:6      | Bought a scroll of blinking for 97 gold pieces
  3943 | D:6      | Found a stormy altar of Qazlal.
  4065 | D:6      | Found Loum's Book Shoppe.
  4130 | D:6      | Reached skill level 5 in Evocations
  4851 | D:6      | Reached skill level 6 in Unarmed Combat
  5024 | D:6      | Found Jouguamm's Jewellery Shop.
  5590 | D:7      | Found a burning altar of Makhleb.
  5706 | D:7      | Reached skill level 5 in Dodging
  5757 | D:7      | Identified the +6 dagger "Seevuy" {pain, rElec rPois Str+2
                  | Dex-4}
  5834 | D:7      | Found Tymmavom's Antique Weapon Emporium.
  5873 | D:7      | Found a transporter.
  5875 | D:7      | Noticed howech's ghost (novice OpSh)
  5876 | D:7      | Found a transporter.
  5952 | D:7      | Found a radiant altar of Vehumet.
  5953 | D:7      | Found a broken altar of Ashenzari.
  5953 | D:7      | Found a hazy altar of Hepliaklqana.
  5984 | D:7      | Reached skill level 5 in Shapeshifting
  5984 | D:7      | Gained mutation: Your touch may inflict irresistible damage
                  | on your foes. [demonic ancestry]
  5984 | D:7      | Reached XP level 9. HP: 14/65 MP: 9/9
  6020 | D:7      | Slain by a killer bee

Illustrated notes

Levels and vault maps discovered:
D:1:      co_arrival_hall_of_pillars, layout_rooms,
          hellmonk_ecumenical_altar_watching_god, grunt_decor_resistance
D:2:      cheibrodos_helix_gallery, layout_basic
D:3:      layout_loops_ring, nemelex_spade_bored_becter,
          chequers_serial_rivers_micro_b, hangedman_decor_points
D:4:      layout_basic
D:5:      layout_basic, overflow_temple_1_default, elyvilon_altar_1
D:6:      layout_layer_cave, nicolae_qazlal_scattered_showers, serial_shops,
          shop, nicolae_shop_gibbet_a_chance, nicolae_shop_hallway_stairs,
          nicolae_lakefront_shop, billiards_dpeg, uniq_duvessa
D:7:      layout_basic, mainiacjoe_overflow_alcove_4,
          chequers_temple_overflow_statue_of_worship,
          minmay_temple_entry_statues_fountains, serial_shops,
          nicolae_shop_trees, gammafunk_ghost_smash,
          serial_library_regret_index_double_sided

Skill      XL: |  1  2  3  4  5  6  7  8  9 |
---------------+----------------------------+-----
Unarmed Combat | 3 4 5 6 |  6.2
Evocations     | 1 2 3 4 5 |  5.4
Shapeshifting  | 1 2 3 5 |  5.0
Dodging        | 3 4 5 |  5.2
Fighting       | 4 |  4.0

Action                     |  1- 3 |  4- 6 |  7- 9 || total
---------------------------+-------+-------+-------++-------
  Melee: Unarmed           |    99 |   237 |   319 ||   655
  Evoke: Wand              |       |       |     1 ||     1
    Use: Scroll            |     2 |     4 |     4 ||    10
         Potion            |     2 |       |     4 ||     6
 Armour: Robe              |    46 |    78 |    53 ||   177
         Skin              |       |       |    12 ||    12
         Leather armour    |       |       |    60 ||    60
  Dodge: Dodged            |    86 |   176 |   270 ||   532
